 Dungeon Crawl Stone Soup version 0.22-b1-21-g5cfc168 (webtiles) character file.

66 tyranidshit the Skirmisher (level 3, -1/32 HPs)
             Began as a Demonspawn Abyssal Knight on Aug 5, 2018.
             Was a Follower of Lugonu.
             Succumbed to an adder's poison
             ... on level 2 of the Dungeon.
             The game lasted 00:02:18 (1428 turns).

tyranidshit the Skirmisher (DsAK)                   Turns: 1428, Time: 00:02:18

Health: -1/32      AC:  5    Str: 13    XL:     3   Next: 96%
Magic:  4/4        EV: 11    Int: 13    God:    Lugonu [*.....]
Gold:   151        SH:  0    Dex: 12    Spells: 2/2 levels left

rFire    . . .     SeeInvis .   a - +2 hand axe
rCold    . . .     Gourm    .   (no shield)
rNeg     . . .     Faith    .   b - +0 leather armour
rPois    .         Spirit   .   (helmet restricted)
rElec    .         Reflect  .   (no cloak)
rCorr    .         Harm     .   (no gloves)
MR       .....                  f - +1 pair of boots
Stlth    +.........             (no amulet)
HPRegen  0.10/turn              (no ring)
MPRegen  0.09/turn              (no ring)

@: lethally poisoned (-1 -> -15)
A: antennae 1, demonic guardian 1
a: Depart the Abyss, Renounce Religion


You were on level 2 of the Dungeon.
You worshipped Lugonu.
Lugonu was aware of your devotion.
You were not hungry.

You visited 1 branch of the dungeon, and saw 2 of its levels.
You visited the Abyss 1 time.

You collected 151 gold pieces.

Inventory:

Hand Weapons
 a - a +2 hand axe (weapon)
Armour
 b - a +0 leather armour (worn)
 f - a +1 pair of boots (worn)
Potions
 e - a potion of brilliance
Comestibles
 c - 2 rations


   Skills:
 + Level 4.9 Fighting
 - Level 1.7 Axes
 - Level 1.7 Armour
 - Level 0.8 Dodging
 - Level 2.4 Invocations


You had 2 spell levels left.
You didn't know any spells.
Your spell library was empty.

Dungeon Overview and Level Annotations

Branches:
Dungeon (2/15)

Altars:


Innate Abilities, Weirdness & Mutations

You have a pair of small antennae on your head.
A weak demonic guardian rushes to your aid.


Message History

The adder is heavily wounded.
You feel sick. The adder bites you but does no damage.
The adder closely misses you.
You closely miss the adder.
The adder is heavily wounded.
The adder bites you.
* * * LOW HITPOINT WARNING * * *
You are more poisoned.
The adder poisons you!
You hit the adder.
The adder is almost dead.
* * * LOW HITPOINT WARNING * * *
You feel sick. The adder bites you.
* * * LOW HITPOINT WARNING * * *
You are more poisoned.
The adder poisons you! The adder barely misses you.
You hit the adder.
You kill the adder!
Lugonu accepts your kill.
You die...

############ ########## *,**,,
...........# #........######,****
.#########.# #..............,* .#
#.###...†..........,* .#
#..#######.........,* .# ##.##
###.........,* .# #######..#
#.'.........,*
.####........####.#.........**
....+...........@...>.......*
#####.........#.#.##.############
#.........#.#.##'#...........
#...........#......##########
##.....#.(..#......#
#####.....#...<#......#
#.........#....#......#
#.........#....#......#
#....##'#......#.†....#


There were no monsters in sight!

Vanquished Creatures
  2 adders (D:2)
  3 worms (D:2)
  4 dart slugs
  A leopard gecko (D:1)
  A ball python (D:1)
  4 bats
  4 giant cockroaches
  2 goblins (D:1)
  2 hobgoblins (D:1)
  2 kobolds (D:1)
  4 frilled lizards (D:1)
  4 rats
33 creatures vanquished.

Notes
Turn   | Place    | Note
-------+----------+-------------------------------------------
     0 | Abyss:1  | tyranidshit the Demonspawn Abyssal Knight began the quest for the Orb.
     0 | Abyss:1  | Reached XP level 1. HP: 18/18 MP: 2/2
    52 | Abyss:1  | Noticed a small abomination
    53 | Abyss:1  | Noticed a thrashing horror
    54 | D:1      | Escaped the Abyss
   192 | D:1      | Gained mutation: A weak demonic guardian rushes to your aid. [demonic ancestry]
   192 | D:1      | Reached XP level 2. HP: 19/24 MP: 3/3
   292 | D:1      | Reached * piety under Lugonu
   292 | D:1      | Reached skill level 4 in Fighting
   600 | D:1      | Gained mutation: You have a pair of small antennae on your head. [demonic ancestry]
   600 | D:1      | Reached XP level 3. HP: 30/30 MP: 4/4
  1427 | D:2      | HP: 1/31 [adder (1)]
  1428 | D:2      | Succumbed to an adder's poison

Skill      XL: |  1  2 |
---------------+-------+-----
Fighting       | 4 |  4.9
Axes           | |  1.7
Armour         | |  1.7
Dodging        | |  0.8
Invocations    | |  2.4

Action                   || total
-------------------------++-------
Melee: Hand axe          ||   128
Invok: Depart the Abyss  ||     1
  Use: Scroll            ||     8
  Eat: Ration            ||     1
Armor: Leather armour    ||    41
Dodge: Dodged            ||    81
